 Dungeon Crawl Stone Soup version 0.18-a0-952-g309898a (webtiles) character file.

42 Gorice the Sneak (level 3, -1/17 HPs)
             Began as a Felid Wanderer on Dec 30, 2015.
             Slain by a goblin
             ... wielding a +0 club
             ... led by Robin
              (2 damage)
             ... on level 2 of the Dungeon.
             The game lasted 00:09:07 (2083 turns).

Gorice the Sneak (Felid Wanderer)                   Turns: 2083, Time: 00:09:07

Health: -1/17      AC:  1    Str:  4    XL:     3   Next: 35%
Magic:  5/5        EV: 10    Int: 13    God:
Gold:   59         SH:  0    Dex: 16    Spells: 0 memorised, 4 levels left
                                        Lives:  0   Deaths: 0

rFire  . . .     SeeInvis +       - Unarmed
rCold  . . .     Gourm    .     (armour unavailable)
rNeg   . . .     Faith    .     (shield unavailable)
rPois  .         Spirit   .     (helmet unavailable)
rElec  .         Dismiss  .     (cloak unavailable)
rCorr  .         Reflect  .     (gloves unavailable)
SustAt .         Harm     .     (boots unavailable)
MR     .....                    (no amulet)
Stlth  +++.......               (no ring)
                                l - -4 ring of strength (curse)

@: quick, not resistant to hostile enchantments, fairly stealthy
A: no armour, no weapons or thrown items, claws 1, fangs 3, see invisible,
carnivore 3, speed 1, shaggy fur 1, slow metabolism 1, sharp paws
a: no special abilities


You were on level 2 of the Dungeon.
You were completely stuffed.

You visited 1 branch of the dungeon, and saw 2 of its levels.

You collected 59 gold pieces.

Inventory:

Jewellery
 g - an uncursed ring of wizardry
 l - a cursed -4 ring of strength (left paw)
Scrolls
 a - 2 scrolls of blinking
 d - a scroll of teleportation {!r}
Potions
 b - a potion of heal wounds {!q}
 c - a potion of lignification {!q}
 j - a potion of might {!q}
Comestibles
 f - a meat ration {!e}
 h - 2 beef jerkies
 k - 3 chunks of flesh


   Skills:
 + Level 3.4 Fighting
 + Level 3.7 Stealth
 * Level 2.8 Unarmed Combat
 - Level 1.0 Spellcasting
   Level 2.1 Transmutations


You had 4 spell levels left.
You didn't know any spells.

Dungeon Overview and Level Annotations

Branches:
Dungeon (2/15)

Altars:

Annotations:
D:2 Robin


Innate Abilities, Weirdness & Mutations

You cannot wear armour.
You are incapable of wielding weapons or throwing items.
You have sharp claws.
You have razor-sharp teeth.
You have supernaturally acute eyesight.
You are carnivorous and can eat meat at any time.
You cover ground quickly.
You are covered in fur (AC +1).
You have a slow metabolism.
Your sharp claws are effective at attacking unaware monsters.


Message History

You kill the goblin!
You see here a dagger.
There is a stone staircase leading down here.
You start resting.
Some of the chunks of flesh in your inventory have rotted away.
HP restored.
You climb downwards.
There is a stone staircase leading up here.
A goblin comes into view. It is wielding a club.
A bat and Robin come into view.
The bat moves out of view.
There is a stone staircase leading up here.
The goblin shouts!
You hear a shout!
You hear a shout!
You hear a shout!
You hear a shout! x2
You scratch the bat.
The bat is heavily wounded.
The bat barely misses you. The bat closely misses you.
You claw the bat!
You kill the bat!
The goblin wields a hunting sling.
The goblin shoots a stone.
The stone closely misses you.
A goblin comes into view.
The goblin shouts! x2
The goblin unwields an uncursed hunting sling.
The goblin hits you.
A goblin comes into view.
Damage: 3 (max 3) Robin shouts!
You scratch the goblin but do no damage.
Robin throws the goblin at you! The goblin misses you.
Damage: 3 (max 3)
The goblin misses you.
The hobgoblin shouts!
You scratch the goblin.
You kill the goblin!
The goblin barely misses you. The goblin barely misses you.
Things that are here:
an uncursed hunting sling; 19 stones The goblin closely misses you.
You see here a bat corpse.
The goblin hits you with a club.
There is a stone staircase leading up here.
Damage: 2 (max 3) Robin throws the goblin at you!
The goblin hits you with a club.
* * * LOW HITPOINT WARNING * * *
The goblin hits you.
* * * LOW HITPOINT WARNING * * *
The goblin hits you with a club.
You die...

#. ..#
.##$#
.....
.g.###
#g.#..
#.##.g#.#
#...g.#.#
#g#.#
#)g@#
#.gg#
#..##
#..#
.....
#####.#
.# .# ..


You could see Robin and 4 goblins.

Vanquished Creatures
  An ooze (D:1)
  2 giant cockroaches (D:1)
  8 hobgoblins (D:1)
  5 kobolds (D:1)
  6 bats
  A giant gecko (D:1)
  A giant newt (D:1)
  7 goblins
  4 rats (D:1)
35 creatures vanquished.

Notes
Turn   | Place    | Note
--------------------------------------------------------------
     0 | D:1      | Gorice the Felid Wanderer began the quest for the Orb.
     0 | D:1      | Gorice set off with: a scroll of blinking, a potion of heal wounds {!q}, a potion of lignification {!q}, a scroll of teleportation {!r}, a meat ration {!e}
     0 | D:1      | Reached XP level 1. HP: 10/10 MP: 3/3
   183 | D:1      | Reached skill level 3 in Stealth
   457 | D:1      | Reached XP level 2. HP: 8/14 MP: 4/4
  1328 | D:1      | HP: 4/14 [hobgoblin (5)]
  1712 | D:1      | Reached XP level 3. HP: 17/17 MP: 5/5
  2071 | D:2      | Noticed Robin
  2083 | D:2      | HP: 4/17 [goblin/club[Robin] (4)]
  2083 | D:2      | HP: 1/17 [goblin[Robin] (3)]
  2083 | D:2      | Slain by a goblin

Vault maps used:
D:1:      nicolae_arrival_somewhat_less_tricky_arrival
D:2:      kennysheep_big_flooded_room, nicolae_overflow_crystal_walls,
          first_bread, uniq_robin, uniq_terence

Action                   || total
-------------------------++-------
Melee: Unarmed           ||    94
  Use: Scroll            ||     2
 Stab: Sleeping          ||     4
       Distracted        ||     1
  Eat: Chunk             ||     9

Table legend:
 A = Turns spent in this place as a percentage of turns spent in the entire game.
 B = Non-inter-level travel turns spent in this place as a percentage of non-inter-level travel turns spent in the entire game.
 C = Inter-level travel turns spent in this place as a percentage of turns spent in this place.
 D = Turns resting spent in this place as a percentage of non-inter-level travel turns spent in this place.
 E = Turns spent auto-exploring this place as a percentage of non-inter-level travel turns spent in this place.
 F = Non-inter-level travel turns spent in this place divided by the number of levels of this place that you've seen.
                   A       B       C       D       E      F
               +-------+-------+-------+-------+-------+----------------------
         Total | 100.0 | 100.0 |   0.1 |   4.3 |   3.3 | 418.0
       Dungeon | 100.0 | 100.0 |   0.1 |   4.3 |   3.3 | 418.0
               +-------+-------+-------+-------+-------+----------------------

Vault maps used:
D:1:      nicolae_arrival_somewhat_less_tricky_arrival
D:2:      kennysheep_big_flooded_room, nicolae_overflow_crystal_walls,
          first_bread, uniq_robin, uniq_terence
